Map: Blackpink LE

Players

ShoWTimE - Winner!

  • Race: Protoss Protoss
  • League: Grandmaster
  • Spawn Location: 7:00

Elazer

  • Race: Zerg Zerg
  • League: Master
  • Spawn Location: 1:00

Event: HomeStory Cup XVI

VOD

Have the link to the VOD?

Description

Time

  • Played on: Nov. 11, 2017, 10:06 a.m.
  • Length: 8:32

All games in this series

Show
View Real Time Build Order
Export as new Build Order

ShoWTimE Protoss - Winner!

Build Orders: 1 Gate Expand, Oracle Opening, Phoenix Opening 

Get SALT Encoding   

  1  0:00  Probe (Chrono Boost)  
  12  0:04  Probe (Chrono Boost)  
  14  0:17  Pylon  
  14  0:23  Probe (Chrono Boost)  
  16  0:37  Probe (Chrono Boost)  
  16  0:38  Gateway  
  16  0:44  Assimilator  
  16  0:49  Probe (Chrono Boost)  
  17  0:58  Probe (Chrono Boost)  
  17  1:04  Probe (Chrono Boost)  
  19  1:15  Probe (Chrono Boost)  
  20  1:26  Nexus  
  20  1:34  Cybernetics Core  
  20  1:39  Probe (Chrono Boost)  
  21  1:45  Assimilator  
  21  1:51  Probe (Chrono Boost)  
  21  1:52  Pylon  
  22  2:01  Adept  
  22  2:03  Probe (Chrono Boost)  
  23  2:11  Warp Gate  
  23  2:15  Probe (Chrono Boost)  
  26  2:27  Probe (Chrono Boost)  
  26  2:28  Adept  
  29  2:35  Stargate  
  29  2:39  Probe x2 (Chrono Boost)  
  33  2:51  Probe x2 (Chrono Boost)  
  33  2:52  Shield Battery  
  33  3:02  Adept  
  33  3:03  Probe (Chrono Boost)  
  33  3:04  Probe (Chrono Boost)  
  37  3:08  Oracle  
  37  3:10  Gateway  
  37  3:16  Probe (Chrono Boost)  
  41  3:20  Probe (Chrono Boost)  
  42  3:27  Gateway  
  42  3:28  Probe (Chrono Boost)  
  42  3:32  Probe (Chrono Boost)  
  42  3:33  Pylon  
  43  3:40  Probe (Chrono Boost)  
  44  3:43  Probe (Chrono Boost)  
  44  3:47  Probe (Chrono Boost)  
  44  3:48  Pylon  
  45  3:49  Probe (Chrono Boost)  
  45  3:51  Phoenix  
  45  3:54  Probe (Chrono Boost)  
  49  3:58  Probe (Chrono Boost)  
  49  4:00  Assimilator  
  51  4:03  Shield Battery  
  51  4:06  Probe (Chrono Boost)  
  51  4:08  Assimilator  
  53  4:10  Probe (Chrono Boost)  
  54  4:18  Probe (Chrono Boost), Pylon  
  54  4:21  Oracle  
  54  4:23  Adept  
  59  4:27  Adept  
  59  4:31  Probe (Chrono Boost)  
  62  4:36  Adept  
  62  4:37  Probe (Chrono Boost)  
  65  4:43  Probe (Chrono Boost)  
  66  4:52  Nexus, Probe (Chrono Boost)  
  67  4:53  Pylon  
  67  4:57  Probe (Chrono Boost)  
  68  5:04  Probe (Chrono Boost)  
  68  5:07  Robotics Facility  
  69  5:13  Sentry x3  
  75  5:17  Twilight Council  
  75  5:18  Forge  
  77  5:21  Probe (Chrono Boost)  
  77  5:23  Probe (Chrono Boost)  
  77  5:26  Pylon  
  77  5:34  Probe (Chrono Boost)  
  78  5:37  Shield Battery  
  78  5:38  Pylon  
  78  5:43  Protoss Ground Weapons Level 1  
  78  5:45  Probe (Chrono Boost)  
  78  5:46  Probe (Chrono Boost), Resonating Glaives  
  80  5:50  Gateway x2  
  80  5:53  Gateway  
  80  5:59  Warp Prism  
  80  6:11  Gateway  
  82  6:12  Gateway  
  83  6:19  Probe (Chrono Boost)  
  83  6:20  Immortal  
  83  6:25  Gateway  
  83  6:26  Gateway  
  83  6:27  Sentry  
  83  6:28  Probe x2 (Chrono Boost)  
  87  6:34  Sentry x2  
  97  6:41  Probe x2 (Chrono Boost)  
  97  6:45  Immortal  
  97  6:48  Pylon  
  97  6:49  Pylon  
  97  6:52  Shield Battery  
  97  6:54  Adept  
  97  6:58  Adept  
  105  7:03  Shield Battery  
  105  7:05  Pylon  
  105  7:10  Adept x3  
  105  7:13  Pylon  
  105  7:15  Observer  
  111  7:20  Sentry x2  
  111  7:21  Adept x3  
  121  7:27  Photon Cannon  
  122  7:39  Adept x5  
  122  7:43  Pylon  
  130  7:45  Pylon  
  128  7:58  Pylon  
  128  7:59  Adept x6  
  128  8:01  Adept  
  128  8:03  Adept x2  
  140  8:23  Adept x7  
Show
View Real Time Build Order
Export as new Build Order

Elazer Zerg 

Build Orders: Pool First 

Get SALT Encoding   

  12  0:00  Drone  
  13  0:12  Overlord  
  13  0:17  Drone  
  14  0:30  Drone x2  
  14  0:34  Drone  
  17  0:45  Extractor  
  17  0:48  Spawning Pool  
  17  0:49  Drone  
  16  0:56  Drone  
  18  1:16  Hatchery  
  18  1:18  Drone  
  17  1:34  Queen, Zergling x2  
  17  1:39  Drone  
  21  1:44  Metabolic Boost  
  21  1:51  Overlord  
  21  2:00  Drone  
  22  2:10  Queen  
  22  2:13  Drone  
  25  2:21  Drone  
  26  2:31  Pneumatized Carapace  
  26  2:33  Zergling x4  
  28  2:39  Drone  
  28  2:43  Drone  
  30  2:49  Hatchery  
  29  2:52  Drone  
  29  2:55  Drone  
  29  2:57  Drone  
  32  3:00  Drone  
  32  3:05  Overlord  
  33  3:08  Drone  
  33  3:10  Drone  
  35  3:18  Drone  
  36  3:24  Spore Crawler, Drone  
  36  3:27  Spore Crawler, Drone  
  36  3:29  Drone x2  
  38  3:36  Queen  
  38  3:37  Drone  
  38  3:39  Drone  
  42  3:44  Drone x2  
  44  3:51  Overlord  
  44  4:01  Drone x2  
  44  4:02  Drone x2  
  48  4:03  Drone x2  
  50  4:13  Overlord  
  50  4:14  Queen  
  50  4:16  Spore Crawler, Lair  
  51  4:17  Drone  
  51  4:18  Drone  
  53  4:24  Overlord  
  53  4:25  Drone  
  53  4:29  Drone  
  53  4:30  Drone x2  
  56  4:32  Drone  
  56  4:37  Overlord  
  56  4:38  Zergling x2  
  58  4:42  Zergling x6  
  58  4:43  Zergling x2  
  62  4:46  Drone x2  
  62  4:49  Extractor x2  
  62  4:51  Evolution Chamber, Drone  
  62  4:52  Drone  
  63  4:54  Drone  
  63  4:59  Extractor, Drone x3  
  66  5:03  Drone x4  
  70  5:07  Drone  
  70  5:11  Zergling x2  
  72  5:17  Zerg Missile Weapons Level 1  
  72  5:18  Hydralisk Den, Drone x2  
  72  5:20  Drone  
  74  5:22  Drone x2  
  74  5:26  Overlord  
  76  5:31  Overlord  
  76  5:32  Extractor  
  76  5:33  Drone  
  76  5:34  Drone x3  
  78  5:43  Overlord  
  78  5:44  Drone x2  
  78  5:45  Extractor, Drone x3  
  78  5:46  Drone  
  83  5:51  Hydralisk  
  83  5:52  Muscular Augments, Hydralisk x2  
  89  5:57  Overlord  
  89  6:05  Hydralisk  
  89  6:06  Hydralisk x2  
  95  6:16  Overlord  
  95  6:17  Hydralisk  
  95  6:18  Hydralisk x3, Hatchery  
  102  6:26  Baneling Nest, Overseer  
  102  6:28  Drone x5  
  102  6:32  Overlord  
  106  6:36  Overseer  
  106  6:37  Drone x4  
  106  6:38  Drone  
  111  6:41  Overlord  
  111  6:42  Hydralisk  
  113  6:52  Hydralisk x3  
  119  6:57  Hydralisk  
  120  7:05  Overlord  
  120  7:07  Hatchery  
  119  7:08  Drone x2  
  119  7:10  Centrifical Hooks  
  119  7:12  Overlord  
  119  7:14  Hydralisk x4  
  129  7:21  Overlord x2  
  129  7:27  Overlord  
  129  7:28  Hydralisk x4  
  137  7:44  Overlord  
  137  7:46  Hydralisk x5  
  137  7:47  Hydralisk  
  129  7:52  Hydralisk x3  
  129  7:54  Zergling x2  
  129  7:55  Zergling x6  
  129  7:57  Zergling x4  
  127  8:03  Hydralisk  
  127  8:04  Hydralisk x2  
  133  8:06  Zergling x6  
  133  8:10  Zergling x6  
Tags
 
Add a new tag
Caveats
  • Supply blocks, unpowered buildings, or Contaminate may cause inaccurate times.
  • Supply counts are checked every 10 seconds.